Map: Sunset Valley LE

Players

PierreHinsin

  • Race: Zerg Zerg
  • Spawn Location: 11:00

MooEsqoo

  • Race: Zerg Zerg
  • Spawn Location: 12:00

SERG

  • Race: Terran Terran
  • Spawn Location: 9:00

Mellon

  • Race: Protoss Protoss
  • Spawn Location: 12:00

Shatsy

  • Race: Zerg Zerg
  • Spawn Location: 5:00

Dibblz

  • Race: Terran Terran
  • Spawn Location: 5:00

Флоренсиу

  • Race: Zerg Zerg
  • Spawn Location: 5:00

GLShoon

  • Race: Zerg Zerg
  • League: Master
  • Spawn Location: 6:00

VOD

Have the link to the VOD?

Description

Time

  • Played on: Dec. 19, 2019, 6:55 a.m.
  • Length: 12:13
Show
View Real Time Build Order
Export as new Build Order

PierreHinsin Zerg 

Build Orders: Pool First 

Get SALT Encoding   

  12  0:06  Drone  
  13  0:16  Overlord  
  13  0:18  Drone  
  15  0:42  Drone  
  15  0:43  Drone x2  
  17  0:51  Spawning Pool  
  17  0:54  Drone  
  17  1:13  Drone  
  18  1:21  Drone  
  19  1:26  Hatchery  
  19  1:27  Extractor, Drone  
  18  1:39  Queen  
  20  1:50  Drone x2  
  22  2:02  Overlord  
  22  2:24  Extractor  
  21  2:30  Zergling x4  
  21  2:31  Zergling x2  
  24  2:39  Roach Warren, Drone  
  24  2:47  Queen  
  24  2:48  Queen  
  29  2:58  Spore Crawler, Zergling x4  
  29  2:59  Zergling x4, Drone  
  32  3:06  Drone  
  32  3:07  Drone  
  34  3:16  Drone x2  
  36  3:36  Spore Crawler  
  36  3:37  Lair  
  36  3:39  Zergling x2  
  34  3:48  Zergling x4  
  34  3:49  Zergling x2  
  34  3:50  Overlord x2  
  34  3:51  Overlord  
  33  4:02  Roach  
  35  4:03  Drone  
  35  4:04  Overlord  
  36  4:12  Queen  
  38  4:25  Roach  
  38  4:26  Zergling x4, Roach  
  43  4:31  Metabolic Boost  
  41  4:49  Roach x2  
  41  4:50  Drone x3  
  41  4:51  Drone  
  49  5:10  Roach  
  49  5:11  Zergling x6, Roach x2  
  56  5:23  Zergling x2, Roach x2  
  56  5:24  Zergling x2  
  58  5:30  Roach  
  56  5:56  Zergling x6, Roach x2  
  59  6:03  Spine Crawler  
  58  6:04  Zergling x2  
  55  6:14  Zergling x4  
  55  6:15  Queen x2  
  59  6:27  Hydralisk Den  
  59  6:28  Drone x2  
  59  6:29  Drone x3  
  59  6:30  Drone  
  64  6:53  Roach  
  68  6:54  Roach  
  68  6:59  Grooved Spines  
  67  7:01  Overlord  
  67  7:02  Overlord x2  
  67  7:11  Overlord  
  67  7:12  Overlord x2  
  67  7:13  Overlord  
  67  7:22  Drone x3  
  70  7:25  Extractor  
  69  7:32  Hydralisk  
  69  7:33  Hydralisk  
  73  7:44  Hydralisk  
  73  7:45  Hydralisk  
  76  7:53  Hydralisk x3  
  79  8:06  Overseer  
  80  8:12  Drone  
  80  8:13  Hydralisk, Drone x3  
  79  8:27  Hydralisk x2  
  83  8:39  Extractor  
  82  8:45  Hydralisk x2  
  82  8:46  Hydralisk  
  88  8:56  Hydralisk x2  
  92  9:05  Hydralisk  
  92  9:07  Drone x3  
  95  9:18  Overseer x2  
  95  9:19  Overlord x3  
  95  9:27  Hydralisk  
  97  9:40  Hydralisk x2  
  101  9:59  Hydralisk x2  
  91  10:00  Hydralisk  
  91  10:02  Drone x4  
  75  10:13  Zergling x10  
  75  10:14  Zergling x2  
  79  10:23  Zergling x4  
  65  10:38  Hydralisk x5  
  65  10:40  Zergling x2  
  73  10:47  Hydralisk x2  
  77  10:53  Hydralisk  
  77  10:54  Zergling x2  
  77  10:55  Zergling x4  
  75  11:22  Hydralisk x4  
  75  11:23  Hydralisk, Zergling x2  
  75  11:24  Zergling x4  
  72  11:37  Spore Crawler  
Show
View Real Time Build Order
Export as new Build Order

MooEsqoo Zerg 

Build Orders: Hatch First 

Get SALT Encoding   

  12  0:05  Drone  
  13  0:13  Overlord  
  13  0:17  Drone  
  14  0:33  Drone x2  
  16  0:55  Hatchery  
  15  0:57  Drone  
  15  0:59  Drone  
  17  1:06  Drone  
  18  1:11  Extractor  
  18  1:16  Spawning Pool  
  16  1:20  Drone  
  16  1:23  Drone  
  18  1:32  Drone  
  19  1:45  Overlord  
  19  1:54  Drone  
  20  2:03  Queen  
  20  2:07  Zergling x2  
  23  2:09  Queen  
  23  2:12  Zergling x2  
  26  2:19  Drone  
  26  2:20  Drone  
  28  2:35  Drone  
  28  2:36  Drone  
  30  2:53  Queen x2  
  30  2:56  Drone x2  
  36  3:04  Overlord x3  
  36  3:12  Baneling Nest  
  36  3:19  Drone  
  36  3:38  Drone x2  
  36  3:39  Zergling x4  
  36  3:40  Zergling x2  
  36  3:41  Zergling x4  
  43  3:42  Drone  
  44  3:52  Metabolic Boost  
  44  4:14  Zergling x8  
  44  4:15  Drone x4  
  44  4:16  Drone  
  54  4:17  Zergling x2  
  54  4:20  Hatchery  
  53  4:24  Overlord x2  
  53  4:44  Drone x3  
  53  4:45  Drone  
  57  4:46  Overlord, Drone x2  
  59  5:02  Baneling  
  59  5:03  Baneling x6  
  59  5:05  Baneling x3  
  59  5:15  Extractor x2  
  59  5:17  Roach Warren  
  56  5:22  Lair  
  56  5:30  Evolution Chamber  
  55  5:53  Extractor  
  50  6:02  Zergling x10  
  50  6:03  Zergling x2  
  55  6:09  Drone x7  
  55  6:10  Drone x2  
  64  6:31  Evolution Chamber  
  63  6:36  Zerg Ground Armor Level 1  
  63  6:40  Centrifical Hooks  
  63  6:45  Overseer  
  53  7:30  Zergling x2  
  53  7:31  Zergling x14  
  53  7:32  Zergling x2  
  41  8:15  Spire  
  22  9:04  Hatchery  
  21  9:10  Extractor  
  20  10:20  Overlord  
  19  11:12  Overlord x3  
  19  11:26  Spawning Pool  
Show
View Real Time Build Order
Export as new Build Order

SERG Terran 

Build Orders:  

Get SALT Encoding   

  12  0:06  SCV  
  13  0:18  SCV  
  13  0:21  Supply Depot  
  14  0:38  SCV  
  15  0:46  Barracks  
  15  0:50  SCV  
  16  1:02  SCV  
  17  1:14  SCV  
  18  1:26  Barracks, SCV  
  18  1:29  Barracks  
  19  1:34  Barracks  
  19  1:40  SCV  
  19  1:44  Refinery  
  20  1:52  SCV  
  21  2:03  Marine, Supply Depot  
  21  2:04  SCV  
  23  2:24  Marine  
  23  2:25  SCV  
  23  2:26  Marine x3, Supply Depot  
  28  2:34  Refinery  
  28  2:37  SCV  
  29  2:43  Marine x2  
  31  2:47  Marine  
  31  2:48  Marine  
  31  2:49  Supply Depot, SCV  
  34  3:04  Marine x2  
  36  3:05  Marine  
  36  3:12  Supply Depot  
  37  3:18  Marine  
  38  3:21  Marine  
  38  3:22  Marine  
  40  3:36  Engineering Bay  
  40  3:52  Marine x4  
  43  4:10  Marine x4  
  45  4:28  Marine x2  
  44  4:44  Marine x2  
  46  4:45  Marine  
  46  4:46  Marine  
  48  5:02  Marine x2  
  42  5:28  Marine x4  
  41  5:36  Engineering Bay  
  41  5:39  Factory  
  41  5:46  Marine  
  42  6:00  Terran Infantry Weapons Level 1  
  42  6:02  Command Center  
  42  6:03  SCV  
  43  6:12  Terran Infantry Armor Level 1  
  43  6:15  SCV  
  44  6:24  Command Center  
  44  6:27  SCV  
  44  6:32  Barracks Tech Lab  
  45  6:38  Marine x3  
  45  6:39  SCV  
  49  6:47  Factory Tech Lab  
  49  6:49  Starport  
  49  6:52  SCV  
  49  6:56  Marine x3  
  52  7:14  Marine  
  36  7:48  Marine x4  
  36  7:50  Combat Shield  
  40  7:57  Siege Tank  
  43  8:04  Infernal Pre-Igniter  
  43  8:06  Marine  
  43  8:07  Armory  
  43  8:09  Hi-Sec Auto Tracking  
  43  8:11  Neosteel Armor  
  44  8:14  Starport Tech Lab  
  44  8:20  SCV  
  45  8:29  Siege Tank  
  45  8:32  SCV  
  45  8:33  SCV  
  50  8:44  SCV  
  50  8:45  SCV  
  52  8:57  SCV  
  52  9:01  Siege Tank  
  56  9:17  Terran Infantry Weapons Level 2  
  56  9:21  Medivac  
  58  9:27  Terran Vehicle And Ship Armor Level 1  
  58  9:51  Medivac, Terran Infantry Armor Level 2  
  48  9:57  Command Center  
  48  10:02  Mag-Field Accelerator  
  48  10:13  Marine  
  48  10:14  Marine x3  
  52  10:21  Medivac  
  54  10:31  Marine x2  
  54  10:32  Marine x2  
  57  10:46  Missile Turret  
  57  10:47  Missile Turret  
  57  10:48  Missile Turret  
  57  10:49  Marine x4  
  59  10:50  Missile Turret x2  
  59  10:56  Missile Turret  
  61  11:04  Missile Turret  
  61  11:05  Missile Turret  
  61  11:07  Marine x4  
  61  11:10  Missile Turret  
  65  11:11  Missile Turret  
  65  11:12  Missile Turret  
  65  11:13  Missile Turret  
  65  11:25  Marine x4  
  54  11:42  Marine  
  54  11:43  Marine  
  56  11:48  Marine x2  
Show
View Real Time Build Order
Export as new Build Order

Mellon Protoss 

Build Orders:  

Get SALT Encoding   

  12  0:04  Probe  
  13  0:59  Probe  
  14  1:04  Pylon  
  14  1:11  Probe (Chrono Boost)  
  14  1:15  Nexus  
  15  1:23  Probe (Chrono Boost)  
  16  1:32  Probe (Chrono Boost)  
  17  1:34  Forge  
  17  1:37  Probe  
  18  1:44  Pylon  
  18  1:50  Probe (Chrono Boost)  
  20  2:02  Probe (Chrono Boost)  
  20  2:09  Probe (Chrono Boost)  
  20  2:14  Photon Cannon  
  21  2:16  Probe  
  21  2:19  Photon Cannon  
  21  2:22  Photon Cannon  
  22  2:28  Probe (Chrono Boost)  
  25  2:38  Probe x2 (Chrono Boost)  
  25  2:46  Probe (Chrono Boost)  
  25  2:47  Probe (Chrono Boost)  
  25  2:51  Probe (Chrono Boost)  
  27  2:54  Probe  
  29  3:02  Probe  
  30  3:06  Probe  
  31  3:14  Assimilator  
  31  3:18  Assimilator  
  32  3:20  Probe (Chrono Boost)  
  32  3:25  Assimilator  
  33  3:29  Assimilator  
  33  3:30  Probe x2 (Chrono Boost)  
  34  3:34  Probe (Chrono Boost)  
  34  3:36  Assimilator  
  34  3:37  Probe  
  34  3:40  Assimilator  
  36  3:46  Probe  
  37  3:49  Probe  
  37  3:52  Pylon  
  38  3:57  Gateway  
  38  3:58  Probe  
  38  4:01  Probe  
  38  4:02  Assimilator  
  40  4:04  Photon Cannon  
  40  4:08  Photon Cannon  
  40  4:10  Probe  
  40  4:12  Pylon  
  40  4:13  Probe  
  42  4:18  Assimilator  
  42  4:21  Pylon, Assimilator  
  42  4:22  Pylon, Probe (Chrono Boost)  
  43  4:34  Probe (Chrono Boost)  
  44  4:39  Probe (Chrono Boost)  
  45  4:48  Nexus, Probe  
  46  4:59  Pylon  
  46  5:01  Probe  
  46  5:02  Pylon  
  47  5:19  Probe (Chrono Boost)  
  49  5:29  Cybernetics Core, Probe (Chrono Boost)  
  49  5:34  Probe (Chrono Boost)  
  49  5:35  Pylon  
  49  5:37  Pylon  
  49  5:40  Pylon  
  50  5:44  Pylon  
  50  5:45  Pylon  
  50  5:46  Pylon, Probe  
  50  5:47  Pylon x2  
  51  5:55  Photon Cannon  
  51  6:00  Photon Cannon, Probe (Chrono Boost)  
  51  6:03  Photon Cannon, Probe (Chrono Boost)  
  53  6:07  Photon Cannon  
  54  6:13  Probe (Chrono Boost)  
  54  6:14  Assimilator, Probe (Chrono Boost)  
  54  6:18  Probe (Chrono Boost)  
  55  6:22  Probe  
  57  6:30  Probe (Chrono Boost)  
  58  6:34  Probe (Chrono Boost)  
  59  6:46  Probe x2 (Chrono Boost)  
  62  6:48  Probe (Chrono Boost)  
  65  6:54  Probe x2 (Chrono Boost)  
  65  6:57  Probe (Chrono Boost)  
  65  6:59  Probe (Chrono Boost)  
  65  7:00  Probe  
  67  7:03  Stargate  
  67  7:04  Stargate  
  67  7:06  Stargate x2, Probe  
  67  7:07  Protoss Air Weapons Level 1  
  68  7:10  Probe (Chrono Boost)  
  68  7:15  Probe (Chrono Boost)  
  69  7:22  Probe (Chrono Boost)  
  71  7:23  Probe (Chrono Boost)  
  71  7:27  Stargate  
  71  7:29  Probe x2 (Chrono Boost)  
  73  7:33  Photon Cannon  
  73  7:36  Photon Cannon  
  74  7:37  Probe x2 (Chrono Boost)  
  74  7:43  Stargate  
  75  7:46  Stargate, Probe (Chrono Boost)  
  78  7:55  Probe x2 (Chrono Boost)  
  78  7:56  Probe (Chrono Boost)  
  79  8:01  Probe x2 (Chrono Boost)  
  81  8:13  Probe  
  81  8:19  Void Ray x2  
  86  8:20  Void Ray x3  
  86  8:25  Probe  
  103  8:31  Fleet Beacon  
  103  8:32  Phoenix  
  105  8:37  Probe  
  106  8:49  Probe  
  107  9:01  Probe  
  108  9:25  Void Ray x3  
  108  9:26  Phoenix x3  
  112  9:32  Phoenix  
  103  9:42  Photon Cannon  
  103  9:43  Photon Cannon  
  97  9:51  Phoenix x3  
  89  9:52  Pylon  
  89  9:57  Phoenix  
  84  10:08  Phoenix  
Show
View Real Time Build Order
Export as new Build Order

Shatsy Zerg 

Build Orders: Pool First 

Get SALT Encoding   

  12  0:01  Drone  
  13  0:12  Overlord  
  13  0:30  Drone  
  13  0:31  Drone x2  
  16  0:51  Spawning Pool, Drone  
  16  0:53  Extractor, Drone  
  16  1:15  Hatchery  
  15  1:20  Drone  
  15  1:21  Drone  
  17  1:28  Drone  
  18  1:39  Drone  
  19  1:42  Queen  
  21  1:53  Drone  
  22  1:56  Overlord  
  22  2:05  Metabolic Boost  
  22  2:09  Overlord  
  22  2:26  Queen  
  22  2:28  Drone x2  
  26  2:33  Drone  
  27  2:43  Drone x2  
  29  2:48  Lair  
  29  2:51  Drone x2  
  31  2:52  Extractor  
  31  2:55  Drone  
  31  2:57  Drone  
  32  3:00  Drone  
  33  3:07  Drone x2  
  33  3:12  Drone  
  36  3:15  Drone  
  37  3:21  Drone  
  37  3:23  Drone  
  39  3:34  Extractor, Drone x2  
  40  3:35  Extractor  
  40  3:39  Drone x3  
  42  3:52  Drone x2  
  42  3:54  Hatchery  
  42  3:55  Extractor  
  42  3:56  Drone  
  42  3:57  Extractor, Drone x2  
  42  3:58  Overlord  
  44  4:13  Spire  
  44  4:14  Drone  
  44  4:15  Overlord  
  44  4:17  Overlord  
  44  4:28  Drone x3  
  44  4:30  Drone  
  48  4:33  Overlord x2  
  48  4:42  Queen  
  48  4:44  Zergling x6  
  54  4:52  Zergling x2  
  54  4:53  Zergling x4  
  56  5:00  Zergling x2  
  56  5:06  Drone x3  
  60  5:07  Queen  
  60  5:08  Drone x2  
  60  5:10  Drone  
  65  5:17  Overlord x2  
  65  5:18  Drone x3  
  66  5:52  Drone x2  
  66  5:53  Drone  
  66  5:55  Drone x2  
  66  5:56  Drone x8  
  76  6:00  Overlord  
  76  6:02  Zerg Flyer Weapons Level 1  
  74  6:15  Overseer  
  74  6:18  Mutalisk x10  
  94  6:47  Mutalisk x10  
  114  6:56  Overlord x5  
  114  7:36  Mutalisk x8  
  130  7:51  Mutalisk  
  130  7:52  Mutalisk x2  
  136  8:21  Spine Crawler  
  136  8:25  Spine Crawler  
  136  8:26  Spine Crawler  
  133  8:28  Spine Crawler, Drone  
  133  8:29  Drone x3  
  133  8:33  Zerg Flyer Weapons Level 2  
  136  8:38  Spine Crawler  
  135  8:42  Spine Crawler  
  134  8:54  Mutalisk  
  134  8:55  Mutalisk  
  138  8:57  Overlord x7  
  119  10:14  Hatchery, Mutalisk  
  119  10:15  Mutalisk x14  
  142  10:49  Mutalisk x9  
  152  11:34  Mutalisk x7  
Show
View Real Time Build Order
Export as new Build Order

Dibblz Terran 

Build Orders:  

Get SALT Encoding   

  12  0:43  Refinery  
  12  0:47  Supply Depot  
  12  0:51  SCV  
  13  1:03  SCV  
  14  1:14  Barracks  
  14  1:15  SCV  
  15  1:28  SCV  
  16  1:41  SCV  
  16  1:42  Barracks  
  16  1:44  Barracks  
  16  1:46  Refinery  
  17  1:50  Supply Depot  
  17  1:53  SCV  
  18  2:02  Reaper  
  18  2:05  SCV  
  20  2:17  SCV  
  21  2:24  Barracks  
  21  2:30  SCV  
  21  2:31  Reaper  
  21  2:35  Reaper  
  24  2:39  Reaper  
  25  2:48  SCV  
  26  2:52  Supply Depot  
  26  3:07  Reaper  
  26  3:09  Reaper  
  26  3:11  Orbital Command  
  28  3:13  Reaper  
  28  3:14  Reaper  
  30  3:22  Supply Depot  
  30  3:35  Supply Depot  
  30  4:13  Reaper  
  30  4:14  Reaper x3  
  31  4:46  Reaper x2  
  31  4:47  Command Center  
  31  4:48  Command Center  
  33  4:53  Reaper x2  
  35  5:31  SCV  
  36  5:43  SCV  
  34  6:00  Barracks Tech Lab  
  32  6:18  SCV  
  32  6:21  Orbital Command  
  32  6:22  Stimpack  
  32  6:27  Factory  
  32  6:28  Supply Depot  
  32  6:29  Engineering Bay  
  32  6:30  SCV  
  33  6:33  Reaper x3  
  33  6:35  Reaper  
  37  6:42  SCV  
  35  7:26  Marine  
  35  7:29  SCV x2  
  38  7:30  Starport  
  38  7:34  Reaper x2  
  38  7:35  Reaper  
  41  7:44  Reaper, Orbital Command  
  42  8:03  Supply Depot  
  38  8:25  Reaper  
  38  8:26  Reaper x3  
  41  8:27  Starport Tech Lab  
  41  8:32  Fusion Core  
  41  8:34  Starport  
  41  8:35  Refinery  
  41  8:36  Refinery  
  41  8:52  SCV  
  41  8:53  Starport, SCV  
  43  8:58  Reaper x2  
  44  9:10  SCV  
  43  9:35  Starport Tech Lab x2  
  43  9:41  SCV x2  
  43  9:43  Battlecruiser  
  51  9:46  Weapon Refit  
  51  9:56  Orbital Command  
  50  10:05  SCV x2  
  52  10:18  SCV x2  
  54  10:26  Refinery  
  54  10:29  Refinery, Battlecruiser  
  54  10:30  SCV x2  
  62  10:36  SCV  
  62  10:42  SCV x2, Battlecruiser  
  71  10:48  SCV  
  80  11:49  SCV  
  75  11:56  SCV  
  75  12:00  SCV  
  77  12:05  Starport  
  77  12:06  Armory  
  77  12:07  Armory  
Show
View Real Time Build Order
Export as new Build Order

Флоренсиу Zerg 

Build Orders: Hatch First 

Get SALT Encoding   

  12  0:01  Drone  
  13  0:14  Drone  
  14  0:21  Extractor  
  13  0:22  Extractor, Drone x2  
  16  0:52  Hatchery  
  15  1:04  Spawning Pool  
  14  1:07  Extractor  
  14  1:08  Extractor, Drone x2  
  16  1:27  Overlord  
  16  1:45  Drone x2  
  18  1:47  Drone  
  19  2:01  Drone  
  19  2:04  Drone  
  21  2:08  Drone  
  22  2:18  Drone x2  
  24  2:24  Hatchery  
  24  2:26  Drone  
  24  2:34  Drone  
  25  2:41  Spine Crawler  
  24  2:44  Spine Crawler  
  24  2:46  Evolution Chamber  
  24  2:50  Evolution Chamber, Drone x2  
  24  2:51  Drone x2  
  25  3:01  Drone x2  
  27  3:24  Drone  
  28  3:27  Extractor, Overlord x2  
  28  3:29  Drone  
  28  3:35  Queen x2  
  28  3:40  Drone x2  
  34  3:42  Overlord  
  34  3:48  Drone x3  
  37  3:52  Drone  
  37  3:54  Drone  
  39  4:05  Drone x3  
  39  4:07  Queen  
  39  4:09  Drone  
  45  4:11  Queen  
  45  4:15  Drone x2  
  49  4:18  Hatchery  
  49  4:20  Drone  
  49  4:30  Drone x2  
  49  4:31  Drone  
  52  4:39  Zergling x2  
  52  4:41  Zergling x4  
  52  4:45  Zergling x2  
  56  4:51  Zergling x4  
  58  4:57  Overlord  
  58  5:05  Zerg Melee Weapons Level 1  
  58  5:14  Overlord x4  
  57  5:31  Overlord x3  
  57  5:32  Queen x3  
  64  5:35  Drone x2  
  64  5:36  Drone x5  
  64  5:37  Drone  
  71  5:45  Drone  
  71  5:46  Drone x4  
  76  5:55  Drone x2  
  78  6:00  Drone  
  78  6:03  Hatchery  
  78  6:07  Drone  
  78  6:08  Drone  
  80  6:11  Hatchery, Drone  
  80  6:12  Metabolic Boost  
  80  6:17  Drone  
  80  6:18  Drone x4  
  85  6:26  Zergling x6  
  85  6:27  Zergling x2  
  85  6:29  Zergling x4  
  91  6:48  Zergling x16  
  91  6:50  Hatchery  
  91  6:52  Zergling x2  
  99  7:18  Hatchery  
  98  7:24  Zergling x2  
  98  7:26  Overlord  
  98  7:27  Overlord x3  
  98  7:28  Zerg Ground Armor Level 1  
  97  7:36  Zergling x6  
  97  7:37  Zergling x2  
  93  7:46  Drone x3  
  93  7:47  Drone x5  
  93  7:48  Drone x3  
  93  7:50  Drone x4  
  108  7:52  Drone  
  109  8:11  Spore Crawler  
  109  8:12  Spore Crawler x2  
  106  8:14  Drone x5  
  106  8:15  Drone x6  
  117  8:20  Extractor  
  117  8:21  Extractor  
  115  8:28  Overlord  
  115  8:29  Overlord  
  115  8:30  Extractor  
  115  8:31  Extractor, Drone x3  
  115  8:33  Drone x3  
  119  8:34  Drone  
  119  8:35  Drone x3  
  119  8:41  Hatchery  
  122  8:45  Drone x3  
  122  8:47  Drone x3  
  128  8:49  Drone  
  128  8:50  Drone  
  128  8:51  Extractor, Drone x3  
  132  8:57  Extractor x2, Drone x3  
  132  9:00  Drone x3  
  126  9:26  Zerg Missile Weapons Level 1  
  126  9:29  Lair  
  126  9:40  Roach Warren  
  125  9:53  Drone  
  125  9:54  Extractor, Hatchery  
  125  9:56  Extractor  
  123  10:00  Drone x3  
  123  10:01  Drone x3  
  123  10:03  Drone x9  
  123  10:06  Overlord  
  138  10:31  Overlord x3  
  140  10:35  Roach  
  140  10:36  Glial Reconstitution, Roach x7  
  140  10:40  Roach  
  156  10:46  Roach  
  158  10:58  Roach x6  
  158  11:00  Roach  
  158  11:01  Hatchery  
  171  11:14  Roach x4  
  171  11:17  Roach  
Show
View Real Time Build Order
Export as new Build Order

GLShoon Zerg 

Build Orders: Pool First, Swarm Host 

Get SALT Encoding   

  12  0:28  Drone  
  12  0:29  Drone  
  12  0:30  Overlord  
  14  0:46  Spawning Pool  
  14  0:49  Drone  
  14  0:55  Drone  
  15  1:04  Drone  
  16  1:19  Hatchery, Drone  
  16  1:23  Drone  
  17  1:36  Extractor  
  17  1:39  Drone  
  17  1:45  Drone  
  18  1:56  Drone  
  19  2:08  Drone  
  20  2:13  Queen  
  22  2:31  Queen  
  24  2:38  Drone x4  
  24  2:42  Overlord, Hatchery  
  27  2:52  Lair  
  27  3:02  Drone x3  
  30  3:10  Overlord  
  30  3:14  Drone  
  30  3:15  Queen, Drone  
  34  3:21  Extractor  
  34  3:22  Extractor  
  34  3:26  Extractor, Drone  
  34  3:27  Drone x2  
  34  3:40  Drone x4  
  38  3:51  Drone x2  
  40  3:59  Queen  
  40  4:02  Overlord  
  42  4:05  Infestation Pit  
  42  4:06  Drone  
  42  4:07  Drone  
  43  4:15  Overlord  
  43  4:17  Metabolic Boost  
  43  4:27  Baneling Nest  
  43  4:30  Zergling x8  
  46  4:51  Drone x9  
  54  5:11  Zergling x12  
  54  5:12  Zergling x2  
  58  5:25  Overlord x2  
  58  5:35  Nydus Network  
  57  5:36  Drone  
  57  5:37  Overlord x2  
  57  5:38  Overlord x2  
  57  5:41  Pneumatized Carapace  
  58  5:57  Evolution Chamber  
  58  6:00  Drone x5  
  58  6:01  Roach Warren, Drone x3  
  58  6:03  Swarm Host  
  67  6:13  Swarm Host x3  
  76  6:30  Nydus Canal  
  76  6:34  Swarm Host  
  76  6:35  Swarm Host x5  
  94  7:08  Nydus Canal  
  94  7:09  Swarm Host  
  94  7:12  Overlord  
  94  7:13  Overlord x2  
  94  7:20  Baneling x3  
  94  7:21  Baneling x7  
  94  7:22  Baneling x3  
  94  7:48  Centrifical Hooks  
  94  7:55  Drone x4  
  94  7:56  Overlord  
  94  7:57  Extractor, Overlord x5  
  97  7:58  Extractor  
  97  7:59  Nydus Canal  
  96  8:10  Overlord  
  96  8:11  Zerg Melee Weapons Level 1  
  96  8:13  Evolution Chamber  
  95  8:26  Nydus Canal  
  95  8:33  Zergling x20  
  95  8:34  Zergling x34  
  122  8:52  Overlord  
  122  8:53  Swarm Host  
  122  8:54  Swarm Host x9  
  152  9:05  Baneling x8  
  152  9:06  Baneling x7  
  152  9:07  Baneling x2  
  152  9:25  Nydus Canal  
  152  9:45  Zerg Ground Armor Level 1  
  138  9:47  Drone x5  
  138  9:48  Drone x5  
  141  9:56  Nydus Canal  
  133  10:01  Zergling x30  
  134  10:13  Zergling x2  
  134  10:14  Zergling x4  
  131  10:28  Drone x7  
  138  10:31  Queen  
  139  10:35  Hive  
  123  10:57  Zergling x4  
  123  10:58  Zergling x20  
  134  11:20  Baneling x7  
  134  11:21  Baneling x9  
  131  11:38  Baneling x5  
  131  11:39  Baneling x3, Zergling x2  
  132  11:40  Zergling x20  
  142  11:47  Overlord  
Tags
 
Add a new tag
Caveats
  • Supply blocks, unpowered buildings, or Contaminate may cause inaccurate times.
  • Supply counts are checked every 10 seconds.